[Event "45th FIDE Womens Olympiad 2024"]
[Site "Budapest"]
[Date "2024.09.11"]
[Round "1.253"]
[White "Perez Rodriguez, Jennifer"]
[Black "Maly Inthavong"]
[Result "1-0"]
[ECO "C28"]
[WhiteElo "2224"]
[BlackElo "1633"]
[Annotator "NA RC"]
[PlyCount "67"]
[EventDate "2024.09.05"]
[EventType "team-tourn"]
[EventCountry "HUN"]
[SourceTitle "playchess.com"]
[Source "ChessBase"]
[SourceQuality "1"]
[WhiteTeam "Paraguay"]
[BlackTeam "Laos"]
[WhiteTeamCountry "PAR"]
[BlackTeamCountry "LAO"]
[TimeControl "40/5400+30:1800+30"]

1. e4 e5 2. Nc3 Nf6 3. Bc4 Nc6 4. d3 Bb4 5. Bg5 Bxc3+ 6. bxc3 h6 7. Bh4 d6 8. Ne2 Qe7 9. O-O Be6 10. Bb5 O-O 11. d4 Na5 12. d5 Bg4 13. f3 Bh5 14. g4 Bg6 15. Bd3 c6 16. c4 Qd8 17. Rb1 a6 18. Qd2 b5 19. cxb5 cxb5 20. Bxf6 Qxf6 21. Qxa5 h5 22. Qe1 Qg5 23. h4 Qe7 24. Kg2 hxg4 25. fxg4 Qd7 26. Qg3 f6 27. Nc3 Kf7 28. h5 Bh7 29. g5 Ke7 30. g6 Bg8 31. Nd1 Rab8 32. Ne3 Kd8 33. Qe1 Ke8 34. a4 1-0